 Dungeon Crawl Stone Soup version 0.20.0-6-gd3061e9 (webtiles) character file.

375 Gorglomux the Skirmisher (level 6, -2/51 HPs)
             Began as a Demonspawn Berserker on May 28, 2017.
             Was a Believer of Trog.
             Slain by an orc warrior
             ... wielding a +0 glaive
              (20 damage)
             ... on level 4 of the Dungeon.
             The game lasted 00:01:22 (1820 turns).

Gorglomux the Skirmisher (Demonspawn Berserker)     Turns: 1820, Time: 00:01:23

Health: -2/51      AC:  2    Str: 18    XL:     6   Next: 44%
Magic:  6/6        EV: 17    Int:  8    God:    Trog [**....]
Gold:   63         SH:  0    Dex: 19    Spells: 5/5 levels left

rFire    . . .     SeeInvis .   a - +0 falchion
rCold    . . .     Gourm    .   (no shield)
rNeg     . . .     Faith    .   b - +0 animal skin
rPois    .         Spirit   .   (helmet restricted)
rElec    .         Reflect  .   (no cloak)
rCorr    .         Harm     .   (no gloves)
MR       .....                  (no boots)
Stlth    +++.......             (no amulet)
Regen    0.2/turn               (no ring)
MPRegen  0.1/turn               (no ring)

@: agile, berserk cooldown, slowed, very slow
A: horns 1, rot immunity
a: Berserk, Trog's Hand, Burn Spellbooks, Renounce Religion


You were on level 4 of the Dungeon.
You worshipped Trog.
Trog was pleased with you.
You were near starving.

You visited 1 branch of the dungeon, and saw 3 of its levels.

You collected 63 gold pieces.

Inventory:

Hand Weapons
 a - a +0 falchion (weapon)
Armour
 b - a +0 animal skin (worn)
Scrolls
 e - a scroll of identify {unknown}
 l - a scroll of remove curse {unknown}
 m - 2 scrolls of amnesia {unknown}
 q - a scroll of blinking {unknown}
Potions
 i - a potion of lignification {unknown}
 j - a potion of magic {unknown}
 k - a potion of flight {unknown}
 o - 2 potions of heal wounds {unknown}
 p - 2 potions of curing {unknown}
Comestibles
 c - a bread ration
 h - 2 royal jellies


   Skills:
 + Level 5.6 Fighting
 + Level 5.0 Long Blades
 - Level 1.7 Armour
 - Level 1.7 Dodging


You had 5 spell levels left.
You didn't know any spells.

Dungeon Overview and Level Annotations

Branches:
Dungeon (2/15)

Altars:
Ashenzari
Dithmenos


Innate Abilities, Weirdness & Mutations

You have a pair of small horns on your head.
You are immune to rotting.


Message History

You kill the orc wizard!
Trog accepts your kill.
Trog appreciates your killing of a magic user.
Your skin stops crawling.
You feel less resistant to hostile enchantments.
The orc warrior barely misses you.
You are no longer berserk.
You are exhausted.
You feel yourself slow down.
You barely miss the orc warrior. The orc warrior completely misses you.
The orc warrior hits you with a glaive!!
Unknown command.
You slash the orc warrior!
The orc warrior is moderately wounded.
The orc warrior hits you with a glaive.
Unknown command.
You barely miss the orc warrior. Your headbutt misses the orc warrior.
The orc warrior is moderately wounded.
The orc warrior hits you with a glaive!!
You die...

....##......>####
......
...##....##..#
.?$....
..##.....##..#
##.......
###.....###!.##
#........
.#......
#...###....>.#
.#######
#.#..##.......
.#...
#..#))#....#.#
##....
##..#o)).....#
.##....
##.#.@..#.### ..
#... #.#......#
... #..
........<.$..
.... #.
##.#?.......##
#.#......### #
...#.....
..#.#.####.
#..#...#


You could see an orc warrior.

Vanquished Creatures
  Sigmund (D:4)
  An orc priest (D:4)
  An orc wizard (D:4)
  Natasha (thrice) (D:2)
  A worker ant (D:4)
  An adder (D:2)
  A dart slug (D:2)
  2 leopard geckos
  2 orcs (D:4)
  3 giant cockroaches
  4 goblins
  7 jackals (D:1)
  6 kobolds
  4 bats
  5 frilled lizards
  3 rats
45 creatures vanquished.

Notes
Turn   | Place    | Note
-------+----------+-------------------------------------------
     0 | D:1      | Gorglomux the Demonspawn Berserker began the quest for the Orb.
     0 | D:1      | Reached XP level 1. HP: 18/18 MP: 1/1
    91 | D:1      | Reached skill level 3 in Long Blades
   131 | D:1      | Gained mutation: You are immune to rotting. [demonic ancestry]
   131 | D:1      | Reached XP level 2. HP: 16/24 MP: 2/2
   572 | D:1      | Reached ** piety under Trog
   785 | D:2      | Gained mutation: You have a pair of small horns on your head. [demonic ancestry]
   785 | D:2      | Reached XP level 3. HP: 30/30 MP: 3/3
   880 | D:2      | Noticed Natasha
   888 | D:2      | Killed Natasha
   922 | D:2      | Noticed Natasha
   935 | D:2      | Killed Natasha
   935 | D:2      | Reached XP level 4. HP: 16/37 MP: 4/4
  1001 | D:2      | Noticed Natasha
  1004 | D:2      | Killed Natasha
  1675 | D:2      | Found a shadowy altar of Dithmenos.
  1710 | D:2      | You fall through a shaft for 2 floors!
  1722 | D:4      | Found a shattered altar of Ashenzari.
  1794 | D:4      | Noticed Sigmund
  1796 | D:4      | Noticed an orc warrior
  1804 | D:4      | Killed Sigmund
  1804 | D:4      | Reached XP level 5. HP: 44/44 MP: 5/5
  1804 | D:4      | Reached XP level 6. HP: 51/51 MP: 6/6
  1820 | D:4      | Slain by an orc warrior

Skill      XL: |  1  2  3  4  5  6 |
---------------+-------------------+-----
Long Blades    | 3 4 5 |  5.0
Fighting       | 4 5 |  5.6
Armour         | |  1.7
Dodging        | |  1.7

Action                   |  1- 3 |  4- 6 || total
-------------------------+-------+-------++-------
Melee: Falchion          |    81 |    47 ||   128
       Headbutt          |     4 |    11 ||    15
Invok: Berserk           |     2 |     2 ||     4
       Trog's Hand       |       |     1 ||     1
  Use: Potion            |       |     1 ||     1
 Stab: Sleeping          |       |     1 ||     1
  Eat: Chunk             |     1 |     4 ||     5
Armor: Animal skin       |    15 |     9 ||    24
Dodge: Dodged            |    67 |    40 ||   107
       Rpst.: Falchion   |    24 |    11 ||    35
